 Dungeon Crawl Stone Soup version 0.28-a0-938-gbc3f381ebc (webtiles) character file.

Game seed: 7857011911014906042

226 cheechan the Sneak (level 6, -9/43 HPs)
             Began as an Octopode Fighter on Nov 28, 2021.
             Mangled by Terence (12 damage)
             ... on level 2 of the Dungeon.
             The game lasted 00:04:47 (1203 turns).

cheechan the Sneak (Octopode Fighter)               Turns: 1203, Time: 00:04:47

Health: -9/43      AC:  1    Str: 17    XL:     6   Next: 1%
Magic:  6/6        EV: 14    Int: 10    God:
Gold:   44         SH:  0    Dex: 12    Spells: 5/5 levels left

rFire   . . .      SeeInvis .   e - +4 quarterstaff (chaos)
rCold   . . .      Faith    .   (shield currently unavailable)
rNeg    . . .      Spirit   .   (helmet restricted)
rPois   .          Reflect  .   (no amulet)
rElec   .          Harm     .   (no ring)
rCorr   .          Rampage  .   (no ring)
Will    .....                   (no ring)
Stlth   +++.......              (no ring)
HPRegen 0.14/turn               (no ring)
MPRegen 0.10/turn               (no ring)
                                (no ring)
                                (no ring)

@: no status effects
A: almost no armour, amphibious, 8 rings, camouflage 1, gelatinous body 1,
(nimble swimmer 1), tentacles
a: no special abilities


You were on level 2 of the Dungeon.
You visited 1 branch of the dungeon, and saw 2 of its levels.

You collected 44 gold pieces.

Inventory:

Hand Weapons
 a - a +0 trident
 e - a +4 quarterstaff of chaos (weapon)
 j - a +0 scythe
Missiles
 i - 20 sling bullets
 k - 2 javelins (quivered)
Armour
 b - a +1 buckler
Wands
 g - a wand of flame (13)
Scrolls
 h - a scroll of immolation {unknown}
Potions
 c - a potion of might
 d - a potion of heal wounds
 f - a potion of brilliance
 l - a potion of curing {unknown}


   Skills:
 + Level 3.6 Fighting
 + Level 3.1 Polearms
 + Level 0.5(2.0) Staves
 + Level 0.6 Throwing
 + Level 3.7 Dodging
 + Level 4.0 Stealth
 + Level 3.7 Shields


You had 5 spell levels left.
You didn't know any spells.
Your spell library contained the following spells:

 Spells                   Type           Power      Damage    Failure   Level
 Gell's Gravitas          Tloc           0%         N/A       75%         3
 Lesser Beckoning         Tloc           0%         N/A       75%         3
 Teleport Other           Tloc           0%         N/A       75%         3


Dungeon Overview and Level Annotations

Branches:
Dungeon (2/15)

Altars:

Annotations:
D:2 Terence


Innate Abilities, Weirdness & Mutations

You cannot wear most types of armour.
You are amphibious.
You can wear up to eight rings at the same time.
Your skin changes colour to match your surroundings (Stealth+).
Your rubbery body absorbs attacks. (AC +1, EV +1)
((You are camouflaged near water. (Stealth+)))
You have tentacles for arms and can constrict up to eight enemies at once.


Message History

You miss the frilled lizard. Your grab misses the frilled lizard.
Your squeeze misses the frilled lizard. The frilled lizard misses you.
You hit the frilled lizard.
You kill the frilled lizard!
Items here: ( ) ††.
g - a wand of flame (13)
Things that are here:
a +0 scythe; a +0 robe; the human corpse of Sigmund
j - a +0 scythe
Items here: ( ) ††.
k - 2 javelins
Items here: ( ) ††.
Things that are here:
a +0 robe; the human corpse of Sigmund You now have 44 gold pieces (gained 13).
Terence the Incautious comes into view.
He is wielding a +0 falchion.
l - a blue potion The helpless Terence fails to defend himself.
You sock Terence!
Terence goes berserk!
You grab Terence.
Terence is moderately wounded.
You constrict Terence. Terence hits you with a +0 falchion! Terence misses you.
You hit Terence.
Terence seems to grow stronger.
Terence is heavily wounded.
You constrict Terence. Terence hits you with a +0 falchion!
* * * LOW HITPOINT WARNING * * *
Terence misses you.
You hit Terence but do no damage.
Terence resists with some effort.
Terence is heavily wounded.
You constrict Terence. Terence closely misses you.
Terence completely misses you.
You hit Terence.
Terence is moving more slowly.
You squeeze Terence, but do no damage.
Terence is almost dead.
You constrict Terence. Terence hits you with a +0 falchion!
* * * LOW HITPOINT WARNING * * *
You hit Terence. You squeeze Terence, but do no damage.
Terence is almost dead.
You constrict Terence, but do no damage.
Terence hits you with a +0 falchion!
You die...

##.. ... ###.####
#......# ## ###
#### #.#.##.. ..
#.. ..# #.# #
#.##.####.# #)#
#...@...#.####[###
#
#@##..........##.#
#......####>.....#
######## ###.####
#..# ##########.##
###.[.....##.#
#.........##.# ###
#.........##.###..
#.........##......


You could see Terence (berserk, strong, petrifying).

Vanquished Creatures
  Sigmund (D:2)
  Crazy Yiuf (D:2)
  An adder (D:2)
  A dart slug (D:1)
  An endoplasm (D:1)
  2 giant cockroaches (D:1)
  3 goblins
  2 hobgoblins
  2 quokkas
  5 ball pythons
  6 bats (D:1)
  2 frilled lizards (D:2)
  3 kobolds
  4 rats
34 creatures vanquished.

Notes
Turn   | Place    | Note
-------+----------+-------------------------------------------
     0 | D:1      | cheechan the Octopode Fighter began the quest for the Orb.
     0 | D:1      | Reached XP level 1. HP: 16/16 MP: 1/1
    47 | D:1      | Reached skill level 1 in Stealth
    47 | D:1      | Reached XP level 2. HP: 20/21 MP: 2/2
   492 | D:1      | Reached XP level 3. HP: 23/26 MP: 3/3
   606 | D:2      | Found a runed translucent door.
   607 | D:2      | Noticed Crazy Yiuf
   616 | D:2      | Killed Crazy Yiuf
   617 | D:2      | Reached skill level 2 in Stealth
   617 | D:2      | Reached XP level 4. HP: 9/31 MP: 4/4
  1153 | D:2      | Noticed Sigmund
  1165 | D:2      | Killed Sigmund
  1166 | D:2      | Reached skill level 4 in Stealth
  1166 | D:2      | Reached XP level 5. HP: 18/37 MP: 5/5
  1166 | D:2      | Reached XP level 6. HP: 21/43 MP: 6/6
  1189 | D:2      | Noticed Terence
  1202 | D:2      | HP: 2/43 [Terence (9)]
  1203 | D:2      | Mangled by Terence

Illustrated notes

Levels and vault maps discovered:
D:1:      lightli_arrival_maybe_door_vault, layout_rooms, minmay_cut_off
D:2:      layout_loops_cross, uniq_terence, uniq_sigmund,
          uniq_crazy_yiuf_cottage

Skill      XL: |  1  2  3  4 |
---------------+-------------+-----
Stealth        | 1 2 4 |  4.0
Polearms       | 3 |  3.1
Fighting       | |  3.6
Staves         | |  0.5
Throwing       | |  0.6
Dodging        | |  3.7
Shields        | |  3.7

Action                   |  1- 3 |  4- 6 || total
-------------------------+-------+-------++-------
Melee: Trident           |    51 |       ||    51
       Constrict         |     9 |     4 ||    13
       Tentacles         |     2 |     4 ||     6
       Quarterstaff      |       |    19 ||    19
Throw: Javelin           |     4 |     2 ||     6
  Use: Scroll            |     4 |       ||     4
 Stab: Sleeping          |     8 |     2 ||    10
Armor: Skin              |     3 |       ||     3
Dodge: Dodged            |    27 |    18 ||    45
Block: Buckler           |    10 |       ||    10

Table legend: (Time is in decaauts)
 A = Elapsed time spent in this place.
 B = Non-inter-level travel time spent in this place.
 C = Inter-level travel time spent in this place.
 D = Time resting spent in this place.
 E = Time spent auto-exploring this place.
 F = Levels seen in this place.
 G = Mean time per level.
                   A        B        C        D        E       F      G
               +--------+--------+--------+--------+--------+-----+--------+
         Total |   1220 |   1220 |      0 |    375 |      0 |   2 |  610.0 |
       Dungeon |   1220 |   1220 |      0 |    375 |      0 |   2 |  610.0 |
               +--------+--------+--------+--------+--------+-----+--------+

Top non-repeatable levels by time:
     D:2: 694 daAuts
     D:1: 526 daAuts
